 Dungeon Crawl Stone Soup version 0.31-a0-703-gcfe89afef6 (webtiles) character file.

Game seed: 6138976286344146152

619 Arunde the Grave Robber (level 7, -1/47 HPs)
             Began as a Demonspawn Necromancer on Sept 8, 2023.
             Killed from afar by Blork the orc (6 damage)
             ... with a magic dart
             ... on level 4 of the Dungeon.
             The game lasted 00:43:18 (2934 turns).

Arunde the Grave Robber (Demonspawn Necromancer)    Turns: 2934, Time: 00:43:18

Health: -1/47      AC:  2    Str:  8    XL:     7   Next: 21%
Magic:  0/13       EV: 14    Int: 18    God:
Gold:   158        SH:  0    Dex: 14    Spells: 1/14 levels left

rFire   + . .        g - +0 orcbow
rCold   x . .        (shield currently unavailable)
rNeg    . . .        m - +0 robe
rPois   .            (no helmet)
rElec   .            (no cloak)
rCorr   .            (no gloves)
SInv    .            (no boots)
Will    .....        (no amulet)
Stlth   ++           j - ring of fire
HPRegen 0.27/turn    (no ring)
MPRegen 0.26/turn

%: guardian spirit
@: about to teleport, animating dead
A: claws 1, repulsion field 1, demonic guardian 1, magic shield, magic
regeneration
a: no special abilities


You were on level 4 of the Dungeon.
You visited 1 branch of the dungeon, and saw 4 of its levels.

You collected 158 gold pieces.

Inventory:

Hand Weapons
 b - a +0 dagger of protection
 g - a +0 orcbow (weapon)
 r - a +0 whip
 s - a +0 club
Missiles
 p - 6 javelins
Armour
 a - a +0 robe
 d - a +0 leather armour
 h - a +0 scale mail
 m - a +0 robe (worn)
Magical Staves
 l - a staff of fire
 n - a staff of conjuration
Jewellery
 j - a ring of fire (left claw)
Talismans
 i - a serpent talisman
 w - a dragon-blood talisman
Scrolls
 e - a scroll of enchant weapon {unknown}
 f - a scroll of poison {unknown}
 k - a scroll of revelation
 v - a scroll of fear {unknown}
Potions
 c - a potion of lignification {unknown}
 q - a potion of enlightenment
 t - a potion of mutation {unknown}
 u - a potion of attraction {unknown}
 x - a potion of degeneration {unknown}
 z - a potion of curing {unknown}


   Skills:
 + Level 0.8 Fighting
 + Level 0.4 Short Blades
 + Level 1.4 Ranged Weapons
 + Level 1.2 Throwing
 + Level 2.2 Dodging
 + Level 2.5 Stealth
 + Level 0.5 Unarmed Combat
 + Level 4.4 Spellcasting
 + Level 7.0 Necromancy
 + Level 0.1 Evocations


You had one spell level left.
You knew the following spells:

 Your Spells              Type           Power      Damage    Failure   Level
a - Necrotise             Necr           100%       1d9       1%          1
b - Vampiric Draining     Necr           29%        2d8       2%          3
c - Animate Dead          Necr           29%        N/A       8%          4
d - Agony                 Necr           29%        N/A       22%         5

Your spell library contained the following spells:

 Spells                   Type           Power      Damage    Failure   Level
 Magic Dart               Conj           12%        1d3       14%         1
 Summon Small Mammal      Summ           12%        N/A       14%         1
 Cigotuvi's Dreadful Rot  Necr/Pois/Air  24%        N/A       9%          2
 Searing Ray              Conj           6%         2d4       22%         2
 Call Canine Familiar     Summ           3%         N/A       38%         3
 Ignite Poison            Fire/Tmut/Pois 5%         N/A       38%         3
 Summon Guardian Golem    Hex/Summ       3%         N/A       38%         3
 Fulminant Prism          Conj/Hex       1%         3d5       80%         4
 Freezing Cloud           Conj/Ice/Air   1%         6-21      98%         5


Dungeon Overview and Level Annotations

Branches:
Dungeon (4/15)
 Temple: D:4-7

Altars:
Uskayaw

Shops:
D:1 (

Portals:
Sewer: D:4

Annotations:
D:4 Blork the orc


Innate Abilities, Weirdness & Mutations

You have sharp fingernails.
You are surrounded by a mild repulsion field. (EV +2)
A weak demonic guardian rushes to your aid.
When hurt, damage is shared between your health and your magic reserves.
You regenerate magic rapidly.


Message History

Fire: g) +0 orcbow
Press: ? - help, Q - select action, (/) - cycle Shift-Dir - straight line, f/p - phantom
Aim: a phantom (almost destroyed, 32% to hit)
You shoot an arrow.
The arrow hits the phantom but does no damage.
The phantom is almost destroyed.
The giant cockroach barely misses your gnoll zombie.
Your gnoll zombie hits the giant cockroach.
The giant cockroach dies!
The phantom hits you.
The phantom blinks!
You blink.
The phantom closely misses you.
Fire: g) +0 orcbow
Press: ? - help, Q - select action, (/) - cycle Shift-Dir - straight line, f/p - phantom
Aim: a phantom (almost destroyed, 32% to hit)
You shoot an arrow. The arrow hits the phantom.
You destroy the phantom!
Blork the orc screams, "I'll break your arms!"
Blork the orc hits your gnoll zombie with a +0 hand axe.
Your gnoll zombie is destroyed!
Your Ranged Weapons skill increases to level 1!
Your Necromancy skill increases to level 7!
Sorry, you're not good enough to have a special ability.
Casting: Animate Dead (dangerous; 8% risk of failure)
Press: ? - help, Q - select action, (/) - cycle Dir - look around, f - activate You call upon the dead to rise.
Fire: g) +0 orcbow
Press: ? - help, Q - select action, (/) - cycle Shift-Dir - straight line, f - Blork the orc
Aim: Blork the orc, wielding a +0 hand axe and wearing a +1 robe of positive energy (fast, 52% to hit)
You shoot an arrow. The arrow closely misses Blork the orc.
Blork the orc looks encouraged for a moment.
Blork the orc hits you with a +0 hand axe! x2
* * * LOW HITPOINT WARNING * * *
A demonic guardian appears!
As you read the scroll of teleportation, it crumbles to dust.
You feel strangely unstable.
Blork the orc hits you with a +0 hand axe.
* * * LOW HITPOINT WARNING * * *
Blork the orc points at you and mumbles some strange words.
The magic dart hits you!
You die...

#.##..## ###.### #.##†##
#.....# #....# #.....#
##...#### ####.....#
##.#....#####........# #######
#.####)......##.....# .......
##.# ##...#####.....# )......
..)####..#...##########.......
###.)..)........@o....†.......
....#...####.##.5######?......
#####.##...)....## .......
##..#..###.#### .......
###..#..## #.Z.## .......
#...#..## ###..# #######
..###.## ##)## #####.# #..#
...##.# ##.###


You could see Blork the orc (fast, ally target) and a friendly iron imp
(summoned).

Vanquished Creatures
  Sigmund (D:2)
  2 phantoms (D:4)
  A jelly (D:4)
  An orc priest (D:3)
  An orc wizard (D:3)
  Robin (D:2)
  6 gnolls
  An adder (D:2)
  3 worms
  A dart slug (D:1)
  6 orcs
  7 endoplasms
  7 giant cockroaches
  17 goblins
  6 hobgoblins
  2 quokkas
  7 ball pythons
  A bat (D:3)
  6 frilled lizards
  11 kobolds
  11 rats
99 creatures vanquished.

Vanquished Creatures (collateral kills)
  A gnoll (D:4)
  2 endoplasms
  A giant cockroach (D:4)
  A hobgoblin (D:4)
  A ball python (D:4)
  2 rats
8 creatures vanquished.

Vanquished Creatures (others)
  2 gnoll zombies (D:4)
  An orc zombie (D:4)
3 creatures vanquished.

Grand Total: 110 creatures vanquished

Notes
Turn   | Place    | Note
-------+----------+-------------------------------------------
     0 | D:1      | Arunde the Demonspawn Necromancer began the quest for the
                  | Orb.
     0 | D:1      | Reached XP level 1. HP: 13/13 MP: 3/3
    62 | D:1      | Found Rigeop's Antique Weapon Boutique.
   265 | D:1      | Gained mutation: You regenerate magic rapidly. [demonic
                  | ancestry]
   265 | D:1      | Reached XP level 2. HP: 19/19 MP: 3/5
   489 | D:1      | Reached skill level 5 in Necromancy
   866 | D:2      | Gained mutation: You have sharp fingernails. [demonic
                  | ancestry]
   866 | D:2      | Reached XP level 3. HP: 19/24 MP: 2/6
   919 | D:2      | Upgraded the game from 0.31-a0-702-gf82c85558f to
                  | 0.31-a0-703-gcfe89afef6
   927 | D:2      | Noticed Sigmund
   939 | D:2      | Killed Sigmund
   940 | D:2      | Reached skill level 6 in Necromancy
   940 | D:2      | Gained mutation: When hurt, damage is shared between your
                  | health and your magic reserves. [demonic ancestry]
   940 | D:2      | Reached XP level 4. HP: 26/30 MP: 3/9
   940 | D:2      | Gained mutation: You are surrounded by a mild repulsion
                  | field. (EV +2) [demonic ancestry]
   940 | D:2      | Reached XP level 5. HP: 30/35 MP: 3/10
   983 | D:2      | Learned a level 3 spell: Vampiric Draining
   996 | D:2      | Learned a level 4 spell: Animate Dead
  1126 | D:2      | Noticed Robin
  1164 | D:2      | Killed Robin
  1671 | D:3      | Reached XP level 6. HP: 36/41 MP: 6/11
  1844 | D:3      | Found a hide-covered altar of Uskayaw.
  2052 | D:3      | Learned a level 5 spell: Agony
  2439 | D:4      | Reached skill level 1 in Throwing
  2622 | D:4      | Gained mutation: A weak demonic guardian rushes to your
                  | aid. [demonic ancestry]
  2622 | D:4      | Reached XP level 7. HP: 47/47 MP: 13/13
  2772 | D:4      | Found a glowing drain.
  2916 | D:4      | Noticed Blork the orc
  2930 | D:4      | Reached skill level 1 in Ranged Weapons
  2930 | D:4      | Reached skill level 7 in Necromancy
  2934 | D:4      | Killed from afar by Blork the orc

Illustrated notes

Levels and vault maps discovered:
D:1:      amcnicky_arrival_choice, layout_basic, serial_shops, shop_statue,
          minmay_misc_feat_rugged
D:2:      layout_loops_ring, uniq_robin, uniq_sigmund
D:3:      layout_basic, mainiacjoe_overflow_small_starburst
D:4:      layout_rooms, portal_sewer_entry_b, uniq_blork_the_orc

Skill      XL: |  1  2  3  4  5  6  7 |
---------------+----------------------+-----
Stealth        | 2 |  2.5
Necromancy     | 5 6 7 |  7.0
Spellcasting   | 3 4 |  4.4
Dodging        | 2 |  2.2
Throwing       | 1 |  1.2
Ranged Weapons | 1 |  1.4
Fighting       | |  0.8
Short Blades   | |  0.4
Unarmed Combat | |  0.5
Evocations     | |  0.1

Action                     |  1- 3 |  4- 6 |  7- 9 || total
---------------------------+-------+-------+-------++-------
  Melee: Unarmed           |    24 |       |       ||    24
         Staff             |       |     6 |       ||     6
         Dagger            |       |    69 |       ||    69
         Punch             |       |     1 |       ||     1
   Fire: Orcbow            |       |    16 |    42 ||    58
  Throw: Dart              |     6 |     4 |       ||    10
         Javelin           |       |    27 |     1 ||    28
   Cast: Necrotise         |    40 |    59 |     2 ||   101
         Vampiric Draining |       |    11 |     2 ||    13
         Animate Dead      |       |     2 |     2 ||     4
  Evoke: Wand              |       |     8 |       ||     8
    Use: Scroll            |       |     5 |     1 ||     6
         Potion            |       |     3 |       ||     3
 Armour: Robe              |    14 |    93 |    27 ||   134
  Dodge: Dodged            |    16 |   117 |    33 ||   166

Table legend: (Time is in decaauts)
 A = Elapsed time spent in this place.
 B = Non-inter-level travel time spent in this place.
 C = Inter-level travel time spent in this place.
 D = Time resting spent in this place.
 E = Time spent auto-exploring this place.
 F = Levels seen in this place.
 G = Mean time per level.
                   A        B        C        D        E       F      G
               +--------+--------+--------+--------+--------+-----+--------+
         Total |   2956 |   2956 |      0 |      0 |    948 |   4 |  739.0 |
       Dungeon |   2956 |   2956 |      0 |      0 |    948 |   4 |  739.0 |
               +--------+--------+--------+--------+--------+-----+--------+

Top non-repeatable levels by time:
     D:2: 855 daAuts
     D:4: 745 daAuts
     D:1: 732 daAuts
     D:3: 622 daAuts
